 Dungeon Crawl Stone Soup version 0.25-a0-651-g8c222c7a2b (webtiles) character file.

Game seed: 138568015229584708, levelgen mode: deterministic

0 Glundar the Insei (level 1, -2/12 HPs)
             Began as a Halfling Transmuter on Mar 22, 2020.
             Slain by a frilled lizard (3 damage)
             ... on level 1 of the Dungeon.
             The game lasted 00:02:05 (29 turns).

Glundar the Insei (Halfling Transmuter)               Turns: 29, Time: 00:02:05

Health: -2/12      AC:  2    Str: 11    XL:     1   Next: 11%
Magic:  3/3        EV: 15    Int: 11    God:
Gold:   0          SH:  0    Dex: 14    Spells: 2/3 levels left

rFire    . . .     SeeInvis .   c - +0 whip
rCold    . . .     Gourm    .   (shield restricted)
rNeg     . . .     Faith    .   b - +0 robe
rPois    .         Spirit   .   (no helmet)
rElec    .         Reflect  .   (no cloak)
rCorr    .         Harm     .   (no gloves)
MR       .....                  (no boots)
Stlth    +.........             (no amulet)
HPRegen  0.04/turn              (no ring)
MPRegen  0.08/turn              (no ring)

@: no status effects
A: small, mutation resistance 1
a: no special abilities


You were on level 1 of the Dungeon.
You were not hungry.

You visited 1 branch of the dungeon, and saw 1 of its levels.

Inventory:

Hand Weapons
 c - a +0 whip (weapon)
Missiles
 a - 12 arrows
Armour
 b - a +0 robe (worn)
Comestibles
 d - a ration


   Skills:
 + Level 0.8 Fighting
 + Level 2.2 Dodging
 + Level 2.4 Unarmed Combat
 + Level 1.5 Spellcasting
 + Level 1.2 Transmutations


You had 2 spell levels left.
You knew the following spells:

 Your Spells              Type           Power        Failure   Level  Hunger
a - Beastly Appendage     Tmut           #.....       19%         1    ##.....

Your spell library contained the following spells:

 Spells                   Type           Power        Failure   Level  Hunger
 Sticks to Snakes         Tmut           #.......     28%         2    ###....
 Spider Form              Tmut/Pois      #.........   56%         3    ####...
 Ice Form                 Ice/Tmut       #.......     93%         4    #####..
 Blade Hands              Tmut           #.........   99%         5    ######.


Dungeon Overview and Level Annotations

Branches:
Dungeon (1/15)

Altars:


Innate Abilities, Weirdness & Mutations

You are small and have problems with some larger weapons.
You are somewhat resistant to further mutation.


Message History

Things that are here:
a +0 whip; a kobold corpse
c - a +0 whip The frilled lizard barely misses you.
c - a +0 whip (weapon)
You barely miss the frilled lizard. The frilled lizard closely misses you.
You hit the frilled lizard but do no damage.
The frilled lizard unfolds its giant frill.
The frilled lizard closely misses you. The frilled lizard barely misses you.
The frilled lizard bites you but does no damage.
You barely miss the frilled lizard.
The frilled lizard bites you but does no damage.
The frilled lizard bites you.
* * * LOW HITPOINT WARNING * * *
You miss the frilled lizard.
The frilled lizard completely misses you.
The frilled lizard barely misses you.
You barely miss the frilled lizard.
The frilled lizard closely misses you. x2
You closely miss the frilled lizard. The frilled lizard bites you.
You die...

.# ... ... ..
..#...#..## .. .. .
..#....# .#..#. .
..#.....#
..#.#.#.#.#...#..#
..#.#.#.#..##...# .
#.#...#.##.....#
...#.....#.....l@#
#...<...######l##
...#.....#........#.#
#.#...#.##.......[#
..#.#.#.#..##.....##
..#.#.#.#.#...#....#
.#..#.#.#..#.....#!#
#.. ..#..#..#....##.#
...#.. ..#...#...#
...


You could see 2 frilled lizards.

Vanquished Creatures
  A kobold (D:1)
1 creature vanquished.

Notes
Turn   | Place    | Note
-------+----------+-------------------------------------------
     0 | D:1      | Glundar the Halfling Transmuter began the quest for the
                  | Orb.
     0 | D:1      | Reached XP level 1. HP: 12/12 MP: 3/3
    29 | D:1      | Slain by a frilled lizard

Levels and vault maps discovered:
D:1:      minmay_arrival_radiant_lines, layout_loops_ring, chequers_avenue

Action                   || total
-------------------------++-------
Melee: Unarmed           ||    10
       Whip              ||     6
Armor: Robe              ||     2
Dodge: Dodged            ||    20

Table legend:
 A = Non-vault XP
 B = Vault XP
 C = Vault XP percentage of total XP
 D = Non-vault monster count
 E = Vault monster count
 F = Vault count percentage of total count
                 A         B        C        D         E       F
            +---------+---------+-------+---------+---------+-------
      Total |       1 |       0 |   0.0 |       1 |       0 |   0.0
            +---------+---------+-------+---------+---------+-------
        D:1 |       1 |       0 |   0.0 |       1 |       0 |   0.0
            +---------+---------+-------+---------+---------+-------
